 Dungeon Crawl Stone Soup version 0.31-a0-37-g98a128e1d9 (webtiles) character file.

Game seed: 11280059234726893534

4 pk666 the Firebug (level 1, -4/10 HPs)
             Began as a Deep Elf Fire Elementalist on May 15, 2023.
             Slain by a gnoll
             ... wielding a +0 club
              (9 damage)
             ... on level 1 of the Dungeon.
             The game lasted 00:00:31 (639 turns).

pk666 the Firebug (Deep Elf Fire Elementalist)       Turns: 639, Time: 00:00:32

Health: -4/10      AC:  2    Str:  5    XL:     1   Next: 58%
Magic:  13/15      EV: 12    Int: 19    God:
Gold:   42         SH:  0    Dex: 15    Spells: 5/6 levels left

rFire   . . .        (no weapon)
rCold   . . .        (no shield)
rNeg    . . .        a - +0 robe
rPois   .            (no helmet)
rElec   .            (no cloak)
rCorr   .            (no gloves)
SInv    .            (no boots)
Will    .....        d - amulet of regeneration
Stlth   ++           h - ring of magical power
HPRegen 1.01/turn    (no ring)
MPRegen 0.14/turn

%: no passive effects
@: studying Fighting
A: no striking features
a: no special abilities


You were on level 1 of the Dungeon.
You visited 1 branch of the dungeon, and saw 1 of its levels.

You collected 42 gold pieces.

Inventory:

Armour
 a - a +0 robe (worn)
Jewellery
 d - an amulet of regeneration (around neck)
 h - a ring of magical power (left hand)
Scrolls
 c - a scroll of teleportation {unknown}
 e - a scroll of blinking {unknown}
Potions
 b - a potion of magic
 f - a potion of mutation {unknown}
 g - a potion of curing {unknown}
 i - a potion of cancellation {unknown}


   Skills:
 - Level 2.4 Dodging
 - Level 2.4 Stealth
 + Level 3.2 Spellcasting
 + Level 1.3 Conjurations
 + Level 3.4 Fire Magic


You had 5 spell levels left.
You knew the following spells:

 Your Spells              Type           Power      Damage    Failure   Level
a - Foxfire               Conj/Fire      48%        2x1d6     5%          1

Your spell library contained the following spells:

 Spells                   Type           Power      Damage    Failure   Level
 Scorch                   Fire           32%        2d6       5%          2
 Inner Flame              Hex/Fire       9%         N/A       22%         3
 Volatile Blastmotes      Fire/Tloc      18%        2d11      22%         3
 Flame Wave               Conj/Fire      12%        2d6       50%         4


Dungeon Overview and Level Annotations

Branches:
Dungeon (1/15)

Altars:


Message History

Your foxfire dissipates!
Your foxfire dissipates! x2
h - a ring of magical power You feel your magic capacity increase.
h - a ring of magical power (left hand)
i - a fuming golden potion
Found 6 stones.
You now have 31 gold pieces (gained 7).
You open the door.
There is an open door here.
There is an open door here.
You now have 42 gold pieces (gained 11).
You open the door.
A gnoll comes into view. It is wielding a +0 club.
Casting: Foxfire (safe; 5% risk of failure)
Confirm with . or Enter, or press ? or * to list all spells.
You conjure some foxfire!
The foxfire hits the gnoll.
The gnoll is lightly wounded.
The gnoll shouts!
Casting: Foxfire (safe; 5% risk of failure)
Confirm with . or Enter, or press ? or * to list all spells.
You conjure some foxfire!
Your foxfire dissipates!
The foxfire hits the gnoll.
The gnoll is moderately wounded.
Your foxfire dissipates!
Casting: Foxfire (safe; 5% risk of failure)
Confirm with . or Enter, or press ? or * to list all spells.
You conjure some foxfire!
The foxfire hits the gnoll but does no damage.
The gnoll is moderately wounded.
The foxfire hits the gnoll.
The gnoll is severely wounded.
The gnoll attacks as you move away! The gnoll barely misses you.
The gnoll attacks as you move away! The gnoll hits you with a +0 club.
Ouch! That really hurt!
The gnoll attacks as you move away! The gnoll hits you with a +0 club!
Ouch! That really hurt!
You die...

#......................
#...............#######
#..........##.###
#.....(....##..#
########'#.###.#
###########.#.###.####
#.........#.#...^....#
#.###...#g#.#####....#####
#ยง #...#@#..............#
#g #####.########..####.#
#. ###.########..## #.. #.
#.........##...###.# #.
#.#.#####.##.#...#.# #.
#.#...#......#...#.#
#.#.#.#.#.####...#.#
#.###.#.#....#...#.#
#.....#.#..#.#......


You could see a gnoll.

Vanquished Creatures
  An endoplasm (D:1)
  3 bats (D:1)
  A frilled lizard (D:1)
5 creatures vanquished.

Vanquished Creatures (others)
  34 foxfires (D:1)
34 creatures vanquished.

Grand Total: 39 creatures vanquished

Notes
Turn   | Place    | Note
-------+----------+-------------------------------------------
     0 | D:1      | pk666 the Deep Elf Fire Elementalist began the quest for
                  | the Orb.
     0 | D:1      | Reached XP level 1. HP: 10/10 MP: 6/6
   639 | D:1      | Slain by a gnoll

Illustrated notes

Levels and vault maps discovered:
D:1:      minmay_arrival_cross, layout_basic, corexii_corridor_pit

Action                     || total
---------------------------++-------
   Cast: Foxfire           ||    21
 Armour: Robe              ||     3
  Dodge: Dodged            ||     4

Table legend: (Time is in decaauts)
 A = Elapsed time spent in this place.
 B = Non-inter-level travel time spent in this place.
 C = Inter-level travel time spent in this place.
 D = Time resting spent in this place.
 E = Time spent auto-exploring this place.
 F = Levels seen in this place.
 G = Mean time per level.
                   A        B        C        D        E       F      G
               +--------+--------+--------+--------+--------+-----+--------+
         Total |    638 |    638 |      0 |      0 |    562 |   1 |  638.0 |
       Dungeon |    638 |    638 |      0 |      0 |    562 |   1 |  638.0 |
               +--------+--------+--------+--------+--------+-----+--------+

Top non-repeatable levels by time:
     D:1: 638 daAuts
